 Dungeon Crawl Stone Soup version 0.28.0-53-g5a82cb258f (webtiles) character file.

Game seed: 4839402428344928291

39 Gabide the Ducker (level 3, -2/29 HPs)
             Began as a Human Monk on Aug 10, 2022.
             Killed by divine providence
             ... invoked by an orc priest
              (11 damage)
             ... on level 2 of the Dungeon.
             The game lasted 00:02:28 (1386 turns).

Gabide the Ducker (Human Monk)                      Turns: 1386, Time: 00:02:29

Health: -2/29      AC: 13    Str: 11    XL:     3   Next: 70%
Magic:  3/3        EV:  5    Int: 10    God:
Gold:   93         SH:  0    Dex: 17    Spells: 2/2 levels left

rFire   . . .      SeeInvis .   a - +1 spear
rCold   + . .      Faith    .   (no shield)
rNeg    . . .      Spirit   .   k - +2 chain mail {rC+}
rPois   .          Reflect  .   (no helmet)
rElec   .          Harm     .   (no cloak)
rCorr   .          Rampage  .   (no gloves)
Will    .....                   e - +2 pair of boots
Stlth   ..........              (no amulet)
HPRegen 0.09/turn               (no ring)
MPRegen 0.08/turn               (no ring)

@: brilliant
A: no striking features
a: no special abilities


You were on level 2 of the Dungeon.
You visited 1 branch of the dungeon, and saw 2 of its levels.

You collected 93 gold pieces.

Inventory:

Hand Weapons
 a - a +1 spear (weapon)
Missiles
 c - 3 poisoned darts (quivered)
Armour
 b - a +0 robe
 e - a +2 pair of boots (worn)
 j - a +0 ring mail
 k - a +2 chain mail of cold resistance (worn)


   Skills:
 + Level 3.4 Fighting
 + Level 3.5 Polearms
 + Level 3.5 Dodging
 - Level 2.0 Stealth


You had 2 spell levels left.
You didn't know any spells.
Your spell library was empty.

Dungeon Overview and Level Annotations

Branches:
Dungeon (2/15)

Altars:


Message History

You feel better.
The orc wizard hits you but does no damage.
The orc priest hits you with a +0 club.
It was a potion of brilliance.
You feel clever all of a sudden.
The orc wizard hits you but does no damage.
The orc priest calls upon Beogh to heal the orc wizard.
The orc wizard's wounds heal themselves!
The orc priest hits you but does no damage.
As you read the scroll labelled NEPAT GYDOISID, it crumbles to dust.
It is a scroll of enchant weapon.
Your +0 spear glows red for a moment.
The orc wizard hits you with a +0 dagger.
The orc priest hits you but does no damage.
As you read the scroll labelled KAHERO BEMAR, it crumbles to dust.
It is a scroll of identify.
You don't have any unidentified items.
The orc wizard barely misses you.
The orc priest looks braver for a moment.
You barely miss the orc priest.
The orc wizard hits you but does no damage.
You completely miss the orc priest.
The orc priest hits you but does no damage.
The orc wizard hits you but does no damage.
The orc priest barely misses you.
You closely miss the orc priest.
The orc priest mumbles some strange prayers to Beogh against you.
Beogh smites you!
The orc wizard hits you but does no damage.
The orc priest barely misses you.
The orc priest looks satisfied for a moment.
The orc priest casts a cantrip, but nothing happens.
The orc priest begins to cast a cantrip, but forgets the words!
The orc priest looks braver for a moment.
The orc wizard casts a spell at you.
The magic dart hits you but does no damage.
The orc priest begins to cast a cantrip, but forgets the words!
The orc priest invokes the aid of Beogh against you.
Beogh smites you!
You die...

###........# #.# ...
....8...8.. #.# #.#
#.......... #.# #.#
#.......... #..#.# #.#
#.....o.... #..#.# #.#
#...8o..8.. #..#.#####.#
#...oo....###..#.......#
#..#########...#######.#
#.oooo.@.....#.#######.#
#..o.........#.#........
##..................##.# ##
#.#####................
.##########.#
#............##.#
............#
#......##.#.....#
.####.......#
#......##.#####.# .#
#.......# #......##........
.#
#.......##########..#####....


You could see 2 orc priests, an orc wizard and 2 orcs.

Vanquished Creatures
  An orc (D:2)
  3 bats (D:1)
  2 endoplasms
  A giant cockroach (D:1)
  A goblin (D:1)
  7 hobgoblins
  2 jackals (D:1)
  4 quokkas (D:1)
  4 ball pythons (D:1)
  A frilled lizard (D:2)
  A kobold (D:1)
  6 rats
33 creatures vanquished.

Notes
Turn   | Place    | Note
-------+----------+-------------------------------------------
     0 | D:1      | Gabide the Human Monk began the quest for the Orb.
     0 | D:1      | Reached XP level 1. HP: 18/18 MP: 1/1
   242 | D:1      | Reached XP level 2. HP: 24/24 MP: 2/2
   554 | D:1      | Reached XP level 3. HP: 29/29 MP: 3/3
  1386 | D:2      | Killed from afar by an orc priest

Illustrated notes

Levels and vault maps discovered:
D:1:      dpeg_arrival_line_fractal, layout_basic
D:2:      cheibrodos_pilgrimage, layout_basic, serial_forest,
          infiniplex_forest_end_1, infiniplex_forest_clump_cross,
          infiniplex_forest_end_3, infiniplex_forest_clump_small,
          infiniplex_forest_lined_4_way, infiniplex_forest_straight_5,
          infiniplex_forest_zigzag_1

Action                   || total
-------------------------++-------
Melee: Spear             ||   133
       Punch             ||     1
Throw: Dart              ||     4
  Use: Scroll            ||     3
       Potion            ||     3
 Stab: Sleeping          ||     3
Armor: Robe              ||    13
       Chain mail        ||    18
Dodge: Dodged            ||    56
